 Dungeon Crawl Stone Soup version 0.31.0-9-g3a7656b989 (webtiles) character file.

Game seed: 11320947545062970169

5170 qw the Nimble (level 10, -1/49 HPs)
             Began as a Spriggan Hunter on Feb 2, 2024.
             Was a Follower of Okawaru.
             Succumbed to orange demon's concentrated venom
             ... on level 8 of the Dungeon.
             The game lasted 00:00:38 (5454 turns).

qw the Nimble (Spriggan Hunter)                     Turns: 5454, Time: 00:00:39

Health: -1/49      AC: 11    Str:  7    XL:     10   Next: 34%
Magic:  11/13      EV: 35    Int: 11    God:    Okawaru [*.....]
Gold:   372        SH:  0    Dex: 23    Spells: 9/9 levels left

rFire   . . .        f - +0 arbalest
rCold   . . .        (shield currently unavailable)
rNeg    . . .        c - +0 robe
rPois   .            l - +2 hat
rElec   .            e - +2 cloak
rCorr   +            (gloves unavailable)
SInv    +            (boots unavailable)
Will    +....        (no amulet)
Stlth   ++++         i - +4 ring of protection
HPRegen 0.28/turn    b - ring of resist corrosion
MPRegen 0.13/turn

%: no passive effects
@: lethally poisoned (-1 -> -35), about to teleport, heroic, slowed, quick
A: very small, no large weapons, unfitting armour, see invisible, speed 3
a: Renounce Religion, Heroism


You were on level 8 of the Dungeon.
You worshipped Okawaru.
Okawaru was aware of your devotion.
You visited 2 branches of the dungeon, and saw 9 of its levels.

You collected 532 gold pieces.
You spent 160 gold pieces at shops.


Innate Abilities, Weirdness & Mutations

You are very small and have problems with some larger weapons.
You are too small for most types of armour.
You have supernaturally acute eyesight. (SInv)
You cover ground extremely quickly. (Speed+++)


   Skills:
 - Level 4.1(9.1) Fighting
 + Level 11.7(16.7) Ranged Weapons
 - Level 12.0(17.0) Dodging
 - Level 1.5(6.5) Stealth
 + Level 3.5 Invocations


You had 9 spell levels left.
You didn't know any spells.
Your spell library was empty.

Inventory:

Hand Weapons
 f - a +0 arbalest (weapon)
Armour
 c - a +0 robe (worn)
 e - a +2 cloak (worn)
 l - a +2 hat (worn)
Jewellery
 b - a ring of resist corrosion (right hand)
 i - a +4 ring of protection (left hand)
 Y - a ring of positive energy
Scrolls
 a - 3 scrolls of teleportation
Potions
 d - a potion of enlightenment
 g - a potion of resistance {unknown}
 h - a potion of mutation {unknown}
 k - 2 potions of might
 m - a potion of curing
 q - a potion of magic {unknown}

Dungeon Overview and Level Annotations

Branches:
Dungeon (8/15)             Temple (1/1) D:7
   Lair: D:8-11

Altars:
Ashenzari
Cheibriados
Dithmenos
Elyvilon
Fedhas
Gozag
Kikubaaqudgha
Makhleb
Nemelex Xobeh
Okawaru
Qazlal
Ru
Sif Muna
Trog
Uskayaw
Vehumet
Wu Jian
Xom
Yredelemnul
Zin
The Shining One

Shops:
D:4 [[   D:7 *   D:8 :

Annotations:
D:4 3 runed translucent doors, qw's ghost, amateur SpHu


Message History

Amaemon tail-slaps you but does no damage.
5447 ||| INVOKING Heroism.
You gain the combat prowess of a mighty hero.
You feel sick.
Amaemon mumbles some strange words.
The orange demon completely misses you.
You shoot a bolt. The bolt barely misses Amaemon.
You feel sick. The orange demon completely misses you.
Amaemon barely misses you. Amaemon completely misses you. Amaemon misses you.
The scorpion completely misses you.
You shoot a bolt.
The bolt hits Amaemon but does no damage.
Amaemon is severely wounded.
You feel sick. The orange demon completely misses you.
The scorpion completely misses you. Amaemon closely misses you.
Amaemon claws you. Amaemon completely misses you.
You shoot a bolt. The bolt hits Amaemon!
Amaemon is almost dead.
You feel sick. The scorpion completely misses you. The orange demon misses you.
Amaemon completely misses you. x3
You shoot a bolt. The bolt hits Amaemon!!
You kill Amaemon!
Okawaru is honoured by your kill.
The scorpion disappears in a puff of smoke!
You feel sick.
You are no longer poisoned.
The orange demon completely misses you.
Your Invocations skill increases to level 3!
You shoot a bolt. The bolt hits the orange demon!
The orange demon is moderately wounded.
The orange demon stings you from afar!
You shoot a bolt.
The bolt completely misses the orange demon.
The orange demon stings you from afar.
You are lethally poisoned!
You have difficulty breathing.
You feel yourself slow down.
5454 ||| READING 4 scrolls of teleportation.
As you read the scroll of teleportation, it crumbles to dust.
You feel strangely unstable.
You die...

#.##.# #>## #..###.......#
####.##.# #.# #............#
.....##.###.# #...##.....#.#
###.......<.# #...#####.##.#
###.###.....######..(.<)..#...#
#...######...........#####.####
.......~.............# #.#
~.~~..~~~~.########..# #.#
.~~~~~~~~~.# #.)@....# #.#####
~~~~~~~~~~~# #4#####.# ##/....#
~~~~~~~~~~~# #. #.# #~####.#
~...~.#~~~~# #s #.####~# #.#
#.....##~~~# #. #.#..~~# #.#
#####.###~~# #. #...~~## #.#
#.# #. ###..~# #.# #####.# #.
#..~# #.# ~.....# #.~~# #.#


You could see an orange demon (curare).

Vanquished Creatures
  Amaemon (D:8)
  Pikel (D:8)
  Prince Ribbit (D:8)
  Grum (D:8)
  A steam dragon (D:6)
  An acid dragon (D:6)
  A water moccasin (D:8)
  An orc warrior (D:5)
  A sky beast (D:7)
  2 wolves (D:8)
  2 ice beasts
  5 black bears
  6 ogres
  A centaur (D:7)
  A phantom (D:5)
  2 bullfrogs
  4 scorpions
  8 wights
  3 killer bees (D:8)
  A howler monkey (D:6)
  A bombardier beetle (D:7)
  5 jellies
  A hound (D:4)
  A gnoll bouda (D:7)
  A sleepcap (D:5)
  Jessica (D:2)
  5 iguanas
  Natasha (thrice) (D:3)
  4 orc wizards
  A scorpion zombie (D:5)
  Terence (D:3)
  A killer bee zombie (D:5)
  7 gnolls
  8 adders
  2 shadow imps
  2 white imps
  2 dart slugs
  3 ribbon worms
  13 orcs
  10 ball pythons
  7 endoplasms
  9 giant cockroaches
  10 goblins
  2 hobgoblins
  9 jackals
  7 kobolds
  6 quokkas
  7 bats
  4 frilled lizards
  6 rats
  A spectral hobgoblin (D:1)
184 creatures vanquished.

Vanquished Creatures (others)
  An adder (D:6)
  An orc (D:6)
2 creatures vanquished.

Grand Total: 186 creatures vanquished

Notes
Turn   | Place    | Note
-------+----------+-------------------------------------------
     0 | D:1      | qw the Spriggan Hunter began the quest for the Orb.
     0 | D:1      | Reached XP level 1. HP: 10/10 MP: 2/2
     0 | D:1      | 0 ||| qw: Version: 0.3-a-155-g5e7d8dd
     0 | D:1      | 0 ||| qw: Game counter: 1102
     0 | D:1      | 0 ||| qw: Melee chars always use a shield: true
     0 | D:1      | 0 ||| qw: God list: Okawaru
     0 | D:1      | 0 ||| qw: Allow faded altars: false
     0 | D:1      | 0 ||| qw: Do Orc after clearing Dungeon:15 true
     0 | D:1      | 0 ||| qw: Do second Lair branch before Depths: true
     0 | D:1      | 0 ||| qw: Lair rune preference: random
     0 | D:1      | 0 ||| qw: Goals: Normal
     0 | D:1      | 0 ||| PLANNING D:1-11
    53 | D:1      | Reached skill level 3 in Dodging
    97 | D:1      | Reached XP level 2. HP: 14/14 MP: 3/3
   159 | D:1      | Reached skill level 4 in Dodging
   339 | D:1      | Reached XP level 3. HP: 18/18 MP: 4/4
   341 | D:1      | Found a faded altar of an unknown god.
   492 | D:1      | 492 ||| READING scroll labelled WADIXTYSTI.
   493 | D:1      | 493 ||| READING scroll labelled MEODAER KYGYA.
   493 | D:1      | 493 ||| ENCHANTING +0 shortbow.
   494 | D:1      | 494 ||| READING scroll labelled EZOLUE MOSUSEP.
   495 | D:1      | 495 ||| DROPPING scroll of butterflies.
   638 | D:2      | 638 ||| UPGRADING to +0 cloak.
   715 | D:2      | Found an ancient bone altar of Kikubaaqudgha.
   789 | D:2      | Reached XP level 4. HP: 22/22 MP: 5/5
   876 | D:2      | 876 ||| FLEEEEING.
   948 | D:2      | Identified the +6 sling of the Other Side {heavy, rN+ Int+2
                  | Dex+2}
   950 | D:2      | 950 ||| SWAPPING to +6 sling of the Other Side {heavy, rN+
                  | Int+2 Dex+2}.
   951 | D:2      | 951 ||| DROPPING +0 shortbow.
   975 | D:2      | Noticed Jessica
   976 | D:2      | Killed Jessica
   977 | D:2      | Reached skill level 5 in Dodging
  1123 | D:2      | 1123 ||| READING scroll of enchant armour.
  1123 | D:2      | 1123 ||| ENCHANTING +0 cloak.
  1147 | D:2      | 1147 ||| DROPPING +2 sling of electrocution.
  1210 | D:2      | 1210 ||| UPGRADING to +2 cloak.
  1220 | D:2      | 1220 ||| DROPPING +1 cloak.
  1221 | D:2      | 1221 ||| UPGRADING to +4 ring of protection.
  1222 | D:2      | 1222 ||| DRINKING 2 amethyst potions.
  1223 | D:2      | 1223 ||| DROPPING potion of brilliance.
  1243 | D:3      | Found a sacrificial altar of Ru.
  1333 | D:3      | Noticed Natasha
  1336 | D:3      | Killed Natasha
  1394 | D:3      | Noticed Natasha
  1396 | D:3      | Killed Natasha
  1397 | D:3      | Reached XP level 5. HP: 26/26 MP: 6/6
  1503 | D:3      | Noticed Terence
  1505 | D:3      | Killed Terence
  1591 | D:3      | 1591 ||| FLEEEEING.
  1592 | D:3      | 1592 ||| DRINKING viscous orange potion.
  1593 | D:3      | 1593 ||| DRINKING 2 golden potions.
  1594 | D:3      | 1594 ||| DRINKING pink potion.
  1599 | D:3      | Reached skill level 6 in Ranged Weapons
  1820 | D:3      | Noticed Natasha
  1825 | D:3      | Killed Natasha
  1826 | D:3      | Reached XP level 6. HP: 30/30 MP: 7/7
  1878 | D:3      | 1878 ||| UPGRADING to ring of positive energy.
  1879 | D:3      | 1879 ||| READING 2 scrolls labelled WAPSIU VANY.
  1884 | D:3      | 1884 ||| DRINKING 2 metallic red potions.
  1951 | D:4      | Found Zemuoxin's Armour Emporium.
  1997 | D:4      | 1997 ||| BUYING +2 hat (160 gold).
  1997 | D:4      | Bought a +2 hat for 160 gold pieces
  2201 | D:4      | Reached skill level 6 in Dodging
  2234 | D:4      | Found Icuomuod's Antique Armour Shoppe.
  2318 | D:4      | Found a runed translucent gate.
  2318 | D:4      | Found a runed translucent gate.
  2318 | D:4      | Found a runed translucent gate.
  2321 | D:4      | Noticed qw's ghost (amateur SpHu)
  2323 | D:4      | Identified the +0 leather armour "Ownomaze" {Str+5}
  2328 | D:4      | Reached XP level 7. HP: 35/35 MP: 8/8
  2360 | D:4      | Found a hide-covered altar of Uskayaw.
  2696 | D:4      | 2696 ||| UPGRADING to +2 hat.
  2701 | D:4      | 2701 ||| READING 3 scrolls labelled ENEOPP LOMEC.
  2701 | D:4      | 2701 ||| IDENTIFYING murky golden potion
  2702 | D:4      | 2702 ||| READING 2 scrolls of identify.
  2702 | D:4      | 2702 ||| IDENTIFYING fizzy dark potion
  2703 | D:4      | 2703 ||| READING scroll of identify.
  2703 | D:4      | 2703 ||| IDENTIFYING cyan potion
  2704 | D:4      | 2704 ||| READING scroll labelled PUQYFUZU UDESE.
  2705 | D:4      | 2705 ||| READING 2 scrolls labelled NUOC JABBUHI.
  2706 | D:4      | 2706 ||| READING scroll labelled UNUESH XILUAG.
  2756 | D:4      | 2756 ||| DROPPING potion of lignification.
  2757 | D:4      | 2757 ||| DROPPING scroll of poison.
  2758 | D:4      | 2758 ||| DROPPING potion of attraction.
  2776 | D:5      | Entered Level 5 of the Dungeon
  2777 | D:5      | 2777 ||| RETREEEEATING.
  2779 | D:5      | 2779 ||| RETREEEEATING.
  2780 | D:5      | 2780 ||| RETREEEEATING.
  2781 | D:5      | 2781 ||| RETREEEEATING.
  2782 | D:5      | 2782 ||| RETREEEEATING.
  2789 | D:5      | Reached skill level 7 in Dodging
  2844 | D:5      | 2844 ||| RETREEEEATING.
  2845 | D:5      | 2845 ||| RETREEEEATING.
  2852 | D:5      | 2852 ||| RETREEEEATING.
  2853 | D:5      | 2853 ||| RETREEEEATING.
  2905 | D:5      | You fall into a shaft and drop 1 floor!
  2930 | D:6      | Reached skill level 8 in Dodging
  2930 | D:6      | Reached XP level 8. HP: 30/39 MP: 9/9
  2998 | D:6      | Reached skill level 3 in Fighting
  3011 | D:6      | Found a shimmering altar of Xom.
  3023 | D:6      | 3023 ||| RETREEEEATING.
  3024 | D:6      | 3024 ||| RETREEEEATING.
  3026 | D:6      | 3026 ||| RETREEEEATING.
  3031 | D:6      | HP: 1/40 [acid dragon/splash of acid (12)]
  3032 | D:6      | 3032 ||| READING 3 scrolls of teleportation.
  3033 | D:6      | 3033 ||| DRINKING potion of heal wounds.
  3034 | D:6      | 3034 ||| RETREEEEATING.
  3074 | D:6      | Reached skill level 9 in Dodging
  3247 | D:6      | Reached skill level 9 in Ranged Weapons
  3340 | D:6      | 3340 ||| UPGRADING to ring of resist corrosion.
  3342 | D:6      | 3342 ||| READING scroll labelled OBOTZI EZ OTA.
  3372 | D:5      | Reached XP level 9. HP: 44/44 MP: 10/10
  3468 | D:5      | Found a basalt altar of Yredelemnul.
  3649 | D:5      | 3649 ||| READING scroll labelled AZAWUI COFAPU.
  3650 | D:5      | 3650 ||| READING scroll labelled VAGAEN GOMECI.
  3662 | D:5      | Reached skill level 10 in Dodging
  3916 | D:5      | 3916 ||| SWAPPING to +0 arbalest.
  3917 | D:5      | 3917 ||| DROPPING +6 sling of the Other Side {heavy, rN+
                  | Int+2 Dex+2}.
  4064 | D:6      | 4064 ||| READING scroll labelled NODUT PAUMURO.
  4203 | D:7      | Found a blossoming altar of Fedhas.
  4328 | D:7      | Found Cuawnemu's Fire Supplies.
  4337 | D:7      | 4337 ||| SHOPLISTING ring of fire (325 gold, have 285).
  4427 | D:7      | Found a staircase to the Ecumenical Temple.
  4428 | D:7      | 4428 ||| PLANNING TEMPLE
  4437 | Temple   | Found a transporter.
  4437 | Temple   | Found a transporter.
  4437 | Temple   | Found a transporter.
  4437 | Temple   | Found a transporter.
  4437 | Temple   | Entered the Ecumenical Temple
  4438 | Temple   | 4438 ||| PLANNING D:1-11
  4446 | Temple   | 4446 ||| PLANNING OKAWARU WORSHIP
  4452 | Temple   | Became a worshipper of Warmaster Okawaru
  4453 | Temple   | 4453 ||| PLANNING D:1-11
  4511 | D:7      | Reached skill level 11 in Dodging
  4688 | D:8      | 4688 ||| STAIRDANCE
  4692 | D:8      | 4692 ||| STAIRDANCE
  4734 | D:8      | 4734 ||| STAIRDANCE
  4905 | D:8      | Noticed Grum
  4907 | D:8      | Killed Grum
  4907 | D:8      | Reached * piety under Okawaru
  4911 | D:8      | Noticed Pikel
  4915 | D:8      | 4915 ||| INVOKING Heroism.
  4920 | D:8      | Killed Pikel
  4921 | D:8      | Reached XP level 10. HP: 49/49 MP: 8/11
  4930 | D:8      | Reached skill level 12 in Dodging
  4930 | D:8      | Reached skill level 1 in Invocations
  5112 | D:8      | Found a shadowy altar of Dithmenos.
  5117 | D:8      | Found Xexexuy's Book Shoppe.
  5378 | D:8      | Noticed Prince Ribbit
  5384 | D:8      | Killed Prince Ribbit
  5430 | D:8      | Noticed an orange demon
  5431 | D:8      | Noticed Amaemon
  5431 | D:8      | 5431 ||| INVOKING Heroism.
  5441 | D:8      | 5441 ||| RETREEEEATING.
  5442 | D:8      | 5442 ||| RETREEEEATING.
  5443 | D:8      | 5443 ||| RETREEEEATING.
  5444 | D:8      | 5444 ||| RETREEEEATING.
  5445 | D:8      | 5445 ||| RETREEEEATING.
  5446 | D:8      | 5446 ||| RETREEEEATING.
  5447 | D:8      | 5447 ||| INVOKING Heroism.
  5451 | D:8      | Killed Amaemon
  5452 | D:8      | Reached skill level 3 in Invocations
  5453 | D:8      | HP: 10/49 [asphyx]
  5454 | D:8      | 5454 ||| READING 4 scrolls of teleportation.
  5454 | D:8      | Succumbed to orange demon's concentrated venom

Levels and vault maps discovered:
D:1:      moated_graveyard_arrival, layout_rooms,
          dreamdust_ecumenical_altar_drowned_temple,
          hangedman_abyss_or_decor_lesser_grid, kennysheep_boxes
D:2:      minmay_general_purpose_star, layout_loops_cross, basic_altar,
          uniq_jessica
D:3:      layout_basic, mainiacjoe_overflow_surrounded_room,
          hangedman_decor_growths, uniq_natasha, uniq_terence
D:4:      layout_basic, mainiacjoe_overflow_paths, serial_shops,
          nicolae_take_the_stairs, biasface_ghost_orc_armoury,
          hangedman_abyss_or_decor_slice, kennysheep_windowed_goal
D:5:      layout_rooms, lemuel_zombie_altar_yredelemnul,
          kennysheep_generic_room_7
D:6:      layout_gridville, mainiacjoe_overflow_six_doors_small
D:7:      layout_cave_pools, fedhas_bush_and_centaur_altar,
          minmay_temple_entry_poolview, nicolae_shop_fire_sale
          [nicolae_sub_dead_trees]
D:8:      layout_loops_ring, grunt_dithmenos_smoke_and_mirrors, serial_shops,
          nicolae_shop_stone, serial_rivers, chequers_serial_rivers_small_a,
          chequers_serial_rivers_small_3, chequers_serial_rivers_large_a,
          chequers_serial_rivers_micro_c, uniq_prince_ribbit1, uniq_amaemon,
          uniq_pikel, uniq_grum
Temple:   hellmonk_temple_divided_pantheon

Skill      XL: |  1  2  3  4  5  6  7  8  9 10 |
---------------+-------------------------------+-----
Dodging        | 3 4 5 6 8 9 11 12 | 12.0
Ranged Weapons | 5 6 8 9 11 | 11.7
Fighting       | 2 3 4 |  4.1
Invocations    | 3 |  3.5
Stealth        | |  1.5

Action                     |  1- 3 |  4- 6 |  7- 9 | 10-12 || total
---------------------------+-------+-------+-------+-------++-------
   Fire: Shortbow          |   128 |     5 |       |       ||   133
         Sling             |       |    95 |   157 |       ||   252
         Arbalest          |       |       |   115 |    75 ||   190
 Invoke: Heroism           |       |       |     1 |     2 ||     3
    Use: Scroll            |     3 |     2 |    11 |     1 ||    17
         Potion            |       |     5 |     1 |       ||     6
 Armour: Robe              |    13 |    14 |    81 |    20 ||   128
  Dodge: Dodged            |    59 |    30 |   242 |    96 ||   427

Table legend:
 A = Non-vault XP
 B = Vault XP
 C = Vault XP percentage of total XP
 D = Non-vault monster count
 E = Vault monster count
 F = Vault count percentage of total count
                 A         B        C        D         E       F
            +---------+---------+-------+---------+---------+-------
      Total |    4812 |    2575 |  34.9 |     163 |      21 |  11.4
            +---------+---------+-------+---------+---------+-------
        D:1 |      48 |       1 |   2.0 |      27 |       1 |   3.6
        D:2 |      58 |      39 |  40.2 |      19 |       3 |  13.6
        D:3 |     204 |      67 |  24.7 |      29 |       2 |   6.5
        D:4 |     355 |      10 |   2.7 |      19 |       3 |  13.6
        D:5 |     870 |     269 |  23.6 |      18 |       5 |  21.7
        D:6 |    1575 |       0 |   0.0 |      19 |       0 |   0.0
        D:7 |     874 |     110 |  11.2 |      15 |       1 |   6.2
        D:8 |     828 |    2079 |  71.5 |      17 |       6 |  26.1
            +---------+---------+-------+---------+---------+-------
